 Dungeon Crawl Stone Soup version 0.27.1-34-g3ba077fa99 (webtiles) character file.

Game seed: 24466541940343234

20 Delamore the Sneak (level 2, -3/19 HPs)
             Began as an Octopode Brigand on Feb 6, 2022.
             Killed from afar by Terence (12 damage)
             ... with a puff of flame
             ... on level 2 of the Dungeon.
             The game lasted 00:00:40 (807 turns).

Delamore the Sneak (Octopode Brigand)                Turns: 807, Time: 00:00:40

Health: -3/19      AC:  5    Str: 10    XL:     2   Next: 79%
Magic:  2/2        EV: 12    Int: 13    God:
Gold:   33         SH:  0    Dex: 13    Spells: 1/1 levels left

rFire    . . .     SeeInvis .   d - +0 dagger (vamp)
rCold    . . .     Faith    .   (no shield)
rNeg     . . .     Spirit   .   (helmet restricted)
rPois    .         Reflect  .   (no amulet)
rElec    .         Harm     .   h - +4 ring of protection
rCorr    .         Rampage  .   (no ring)
Will     .....                  (no ring)
Stlth    ++++......             (no ring)
HPRegen  0.06/turn              (no ring)
MPRegen  0.08/turn              (no ring)
                                (no ring)
                                (no ring)

@: no status effects
A: almost no armour, amphibious, 8 rings, camouflage 1, gelatinous body 1,
(nimble swimmer 1), tentacles
a: no special abilities


You were on level 2 of the Dungeon.
You visited 1 branch of the dungeon, and saw 2 of its levels.

You collected 33 gold pieces.

Inventory:

Hand Weapons
 a - a +2 dagger
 d - a +0 vampiric dagger (weapon)
Missiles
 b - 8 poisoned darts (quivered)
 c - 2 curare-tipped darts
Jewellery
 h - a +4 ring of protection (left tentacle)
Scrolls
 g - a scroll of amnesia
 j - a scroll of summoning {unknown}
Potions
 e - 2 potions of mutation {unknown}
 i - a potion of flight {unknown}


   Skills:
 - Level 2.0 Fighting
 + Level 2.4 Short Blades
 - Level 2.0 Throwing
 - Level 1.0 Dodging
 * Level 6.2 Stealth


You had one spell level left.
You didn't know any spells.
Your spell library was empty.

Dungeon Overview and Level Annotations

Branches:
Dungeon (2/15)

Altars:

Annotations:
D:2 Terence


Innate Abilities, Weirdness & Mutations

You cannot wear most types of armour.
You are amphibious.
You can wear up to eight rings at the same time.
Your skin changes colour to match your surroundings (Stealth+).
Your rubbery body absorbs attacks. (AC +1, EV +1)
((You are camouflaged near water. (Stealth+)))
You have tentacles for arms and can constrict up to eight enemies at once.


Message History

No target in view!
No target in view!
Found a scroll labelled COXZICZ SODD.
j - a scroll labelled COXZICZ SODD
There is an open door here.
There is an open door here.
Done exploring.
Done exploring.
Done exploring.
As you read the scroll labelled CIFUOSU SOLIUR, it crumbles to dust.
It is a scroll of amnesia.
You feel forgetful for a moment.
As you read the scroll labelled VUIPEG UCEI, it crumbles to dust.
You assume a fearsome visage.
Nothing appears to happen.
It was a scroll of fear.
There is an open door here.
There is an open door here.
There is an open door here.
There is an open door here.
There is an escape hatch in the floor here.
You slide downwards.
The hatch slams shut behind you.
Terence shouts!
You hear a shout!
The frilled lizard hisses angrily.
Found a puce potion and a scroll labelled PEUMOX XECU.
There are monsters nearby!
There are monsters nearby!
A hobgoblin comes into view.
You hit Terence but do no damage. Your grab misses Terence.
You barely miss Terence. You grab Terence.
You constrict Terence, but do no damage.
Terence barely misses you.
You hit Terence but do no damage. You squeeze Terence, but do no damage.
You constrict Terence, but do no damage.
Terence zaps a wand.
The puff of flame hits you!
You release your grip on Terence.
A bat comes into view.
Found 15 gold pieces.
Terence zaps a wand.
The puff of flame hits you.
A rat comes into view.
Terence zaps a wand.
The puff of flame hits you!
Ouch! That really hurt!
You die...

#...............#
#.........!......
####.........g......
#..................#
#..........g.......#
#.........@........#
#..b....l........#..
#........r.........#
#......@###.........
#................###
#..$.............#
#.......#........#
#.....r.#.........
#.......####.....
###....## ### ##.##


You could see Terence, a hobgoblin, a goblin, a bat (asleep), a frilled lizard
and 2 rats.

Vanquished Creatures
  An endoplasm (D:1)
  A giant cockroach (D:1)
  2 hobgoblins (D:1)
  2 jackals (D:1)
  2 ball pythons (D:1)
  2 frilled lizards (D:1)
  2 goblins (D:1)
  5 kobolds (D:1)
  2 rats (D:1)
19 creatures vanquished.

Notes
Turn   | Place    | Note
-------+----------+-------------------------------------------
     0 | D:1      | Delamore the Octopode Brigand began the quest for the Orb.
     0 | D:1      | Reached XP level 1. HP: 14/14 MP: 1/1
    45 | D:1      | Found a faded altar of an unknown god.
   106 | D:1      | Reached XP level 2. HP: 19/19 MP: 2/2
   406 | D:1      | Reached skill level 6 in Stealth
   798 | D:2      | Noticed Terence
   807 | D:2      | Killed from afar by Terence

Illustrated notes

Levels and vault maps discovered:
D:1:      dpeg_arrival_radiant, layout_basic, chequers_ecumenical_altar_island,
          minmay_misc_feat_roman
D:2:      layout_rooms, uniq_terence, uniq_crazy_yiuf_cottage

Skill      XL: |  1  2 |
---------------+-------+-----
Stealth        | 6 |  6.2
Fighting       | |  2.0
Short Blades   | |  2.4
Throwing       | |  2.0
Dodging        | |  1.0

Action                   || total
-------------------------++-------
Melee: Dagger            ||    37
       Constrict         ||     8
       Tentacles         ||     6
  Use: Scroll            ||     2
 Stab: Sleeping          ||     8
Armor: Skin              ||     3
Dodge: Dodged            ||    15
